[Event "Croatian 1A League 2022"]
[Site "Porec"]
[Date "2022.09.28"]
[Round "5.27"]
[White "Lalic, Bogdan"]
[Black "Bosiocic, Marin"]
[Result "1/2-1/2"]
[ECO "A20"]
[WhiteElo "2393"]
[BlackElo "2548"]
[Annotator "TA"]
[PlyCount "84"]
[EventDate "2022.09.24"]
[EventType "team-tourn"]
[EventCountry "CRO"]
[SourceTitle "playchess.com"]
[Source "ChessBase"]
[SourceQuality "1"]
[TimeControl "40/5400+30:1800+30"]

1. c4 e5 2. g3 c6 3. Nf3 e4 4. Nd4 d5 5. d3 Nf6 6. Bg2 {[%emt 0:01:28] A20: English Opening: 1...e5.} exd3 (6... Bc5 $5 7. Nb3 Bb4+ 8. Bd2 Bxd2+ 9. Qxd2 (9. N1xd2 exd3 10. O-O Bg4 $11) 9... exd3 $11) 7. cxd5 Nxd5 8. Qxd3 {[%emt 0:00:07] White has an edge.} Nb4 9. Qe4+ {[%emt 0:01:32] [#]} Be7 $146 {[%emt 0:00:35][%cal Od8d4] [#] Hoping for ...Qxd4!} ({Predecessor:} 9... Qe7 10. Nc3 Qxe4 11. Bxe4 Nd7 12. a3 Na6 13. Bf4 Nf6 14. Bg2 Bd7 15. O-O Rc8 {½-½ (65) Marjanovic,A (2298)-Shagbazyan,T (2429) Bratislava 2019}) 10. O-O O-O 11. a3 N4a6 12. e3 Nc5 13. Qc2 a5 14. b3 Ne6 15. Bb2 Nxd4 16. Bxd4 Bf6 17. Rd1 Bg4 18. Rd2 Nd7 19. Nc3 Qe7 20. h3 Be6 21. Ne4 Bxd4 22. Rxd4 Bd5 23. Qb2 Ne5 {[%emt 0:01:39] The position is equal.} 24. Rad1 Rfe8 25. b4 axb4 26. axb4 b5 27. Qc3 h6 {[%emt 0:03:53] [#]} 28. Nd6 $1 Qxd6 29. e4 Rec8 30. exd5 c5 $132 {[%emt 0:00:23][%mdl 2048] Black is not keeping still} 31. Re4 Nd7 32. bxc5 ({Don't play} 32. Rg4 Nf6 33. Rh4 c4 $17) 32... Rxc5 33. Qb2 Rac8 34. Rb4 Rc2 35. Qd4 R2c4 36. Rxc4 Rxc4 37. Qe3 b4 38. Qe8+ Nf8 39. Qb5 Rc2 40. Be4 Ra2 41. Qc6 Qe5 42. d6 {[%emt 0:05:15] And now d7 would win.} Qb2 {[%emt 0:22:59] Weighted Error Value: White=0.04 (flawless) /Black=0.05 (flawless)} 1/2-1/2

[Event "Croatian 1A League 2022"]
[Site "Porec"]
[Date "2022.09.28"]
[Round "5.28"]
[White "Antunac, Goran"]
[Black "Zaja, Ivan"]
[Result "1/2-1/2"]
[ECO "E15"]
[WhiteElo "2337"]
[BlackElo "2417"]
[Annotator "TA"]
[PlyCount "44"]
[EventDate "2022.09.24"]
[EventType "team-tourn"]
[EventCountry "CRO"]
[SourceTitle "playchess.com"]
[Source "ChessBase"]
[SourceQuality "1"]
[TimeControl "40/5400+30:1800+30"]

1. d4 Nf6 2. Nf3 e6 3. c4 Bb4+ 4. Nbd2 b6 5. g3 Ba6 6. Qc2 c5 7. Bg2 {[%emt 0:08:21] E15: Queen's Indian: 4 g3 sidelines, 4 g3 Ba6 and 4 g3 Bb7 early deviations.} Nc6 8. dxc5 Bxc5 9. O-O {[%emt 0:00:32] White has an edge.} O-O 10. a3 {[%emt 0:08:39] [#] Strongly threatening b4.} Bb7 11. b4 Be7 12. Bb2 Rc8 13. Rac1 h6 14. Rfd1 a5 15. b5 Nb8 16. e4 {[%emt 0:10:49][%cal Be2e4,Be4e5][%mdl 32] [#]} Bc5 $146 (16... d6 $14) ({Predecessor:} 16... d6 17. e5 dxe5 18. Nb3 Nfd7 19. Bxe5 Bxf3 20. Bxf3 Nxe5 21. Rxd8 Nxf3+ 22. Kg2 Rfxd8 23. Kxf3 Bxa3 {½-½ (41) Zaichik,G (2480)-Mochalov,E (2420) Moscow 1983}) 17. Ne5 Qc7 {[%emt 0:09:44] [#]} 18. Nd3 $1 Be7 19. e5 Ne8 20. Bxb7 Qxb7 21. Nf4 (21. a4 $16) 21... d5 (21... d6 $1 $11 {keeps the balance.}) 22. Qd3 $16 {[%emt 0:07:02][%cal Rc4d5] White is more active.} Nc7 {[%emt 0:03:13] Weighted Error Value: White=0.14 (very precise) /Black=0.23 (precise)} 1/2-1/2

[Event "Croatian 1A League 2022"]
[Site "Porec"]
[Date "2022.09.28"]
[Round "5.29"]
[White "Kovacevic, Blazimir"]
[Black "Fucak, Emilio Milko"]
[Result "1-0"]
[ECO "E18"]
[WhiteElo "2405"]
[BlackElo "2187"]
[Annotator "TA"]
[PlyCount "61"]
[EventDate "2022.09.24"]
[EventType "team-tourn"]
[EventCountry "CRO"]
[SourceTitle "playchess.com"]
[Source "ChessBase"]
[SourceQuality "1"]
[TimeControl "40/5400+30:1800+30"]

1. Nf3 e6 2. g3 b6 3. Bg2 Bb7 4. O-O Nf6 5. c4 Be7 6. d4 O-O 7. Nc3 Ne4 8. Bd2 f5 9. Qc2 Nxc3 {[%emt 0:00:39] E18: Queen's Indian: Old Main Line (4 g3 Bb7 5 Bg2 Be7 6 0-0 0-0 7 Nc3).} (9... d5 {looks sharper.} 10. Bf4 g5 11. Be3 f4) 10. Bxc3 Be4 {[%emt 0:00:24] Against d5} 11. Qa4 Bf6 {[%emt 0:03:54] [#] The position is equal.} 12. Ne1 $146 ({Predecessor:} 12. Rfd1 d6 13. Rac1 Qd7 14. Qb3 Nc6 15. Ne1 Bxg2 16. Nxg2 a5 17. Qb5 Qe8 18. d5 Bxc3 19. Rxc3 {½-½ (28) Hera,I (2544)-Gulko,B (2571) Lubbock 2007}) 12... c5 13. Rd1 cxd4 14. Bxd4 Bxd4 15. Rxd4 ({Of course not} 15. Bxe4 Bxf2+ 16. Rxf2 fxe4 17. Rxf8+ Qxf8 $11) 15... Nc6 16. Rd2 Bxg2 17. Nxg2 Qc7 18. Rfd1 Rf7 19. Qa3 Re8 20. Qe3 h6 21. b3 Ree7 22. Qc3 g5 23. f4 Rg7 {[%emt 0:01:02] [#] Hoping for ...gxf4.} 24. Rf1 (24. e3 $14) 24... a5 25. Qf3 Nd8 26. e4 Nf7 $2 {[%emt 0:07:25] Loses the game.} (26... fxe4 $14 27. Qxe4 Qc5+ 28. Rff2 Ref7) 27. exf5 $18 Qc5+ 28. Qe3 ({Better is} 28. Kh1 $18 Qxf5 29. Ne3) 28... Qxf5 29. Qxb6 {[%emt 0:00:41] [#] Threatens to win with Ne3.} e5 $2 (29... gxf4 30. Qb8+ (30. Nxf4 Ng5 $18) (30. gxf4 h5 $16) (30. Rxf4 Qe5 $16) 30... Kh7) 30. Ne3 (30. Qb8+ $142 Kh7 31. Ne3) 30... Qe4 (30... Qe6 $142 31. Qxe6 Rxe6) 31. Nd5 {[%emt 0:07:01] Weighted Error Value: White=0.32/Black=0.29 (precise)} 1-0

[Event "Croatian 1A League 2022"]
[Site "Porec"]
[Date "2022.09.29"]
[Round "6.1"]
[White "Saric, Ivan"]
[Black "Motylev, Alexander"]
[Result "1/2-1/2"]
[ECO "C54"]
[WhiteElo "2668"]
[BlackElo "2635"]
[Annotator "TA"]
[PlyCount "59"]
[EventDate "2022.09.24"]
[EventType "team-tourn"]
[EventCountry "CRO"]
[SourceTitle "playchess.com"]
[Source "ChessBase"]
[SourceQuality "1"]
[TimeControl "40/5400+30:1800+30"]

1. e4 e5 2. Nf3 Nc6 3. Bc4 Nf6 4. d3 Bc5 5. O-O d6 6. c3 Bb6 7. Nbd2 O-O 8. h3 {[%emt 0:01:47] C54: Giuoco Piano: 4 c3 Nf6, main lines with 5 d4 and 5 d3.} h6 9. Re1 Ne7 10. d4 Nc6 11. a4 a5 12. Ra3 Re8 13. Ba2 exd4 14. cxd4 Nxd4 {[%emt 0:00:39] [#]} 15. Nc4 $146 ({Predecessor:} 15. Nxd4 Bxd4 16. Rd3 Ba7 17. e5 Qe7 18. Rg3 dxe5 19. Nc4 Kf8 20. Bxh6 gxh6 21. Qd2 {1-0 (38) Grandelius,N (2672)-Howell,D (2646) London 2022}) 15... Nc6 16. e5 (16. Nxb6 $142 cxb6 17. Bf4) 16... dxe5 $11 17. Rd3 Qe7 18. Nfxe5 (18. Ncxe5 $11 Nxe5 19. Rxe5) 18... Bf5 $15 (18... Nxe5 19. Rxe5 Be6 20. Nxb6 cxb6 21. Bxe6 $14) 19. Rg3 (19. Nxb6 $15 Nxe5 20. Rde3 cxb6 21. Rxe5 Qxe5 22. Rxe5 Rxe5 23. Be3) 19... Rad8 $19 ({Resist} 19... Nxe5 20. Rxe5 Qd8 21. Rxe8+ (21. Qxd8 Raxd8 22. Bxh6 Nh5 $11) 21... Nxe8 22. Qh5 $16 (22. Qf3 Be4 $14)) 20. Qf3 Nd4 ({Much less strong is} 20... Nxe5 21. Rxe5 Be6 22. Nxb6 $18) 21. Qe3 {[%emt 0:13:03][%cal Og3g7] [#] Rxg7+! is the strong threat.} Nh5 (21... Ne4 $19 22. Kh2 Qe6) 22. Nxb6 $11 Qxe5 (22... Be6 {keeps more tension.} 23. Nbc4 Nf5 24. Qc3 Nhxg3 25. fxg3 Qb4) 23. Qxe5 {[%emt 0:04:08] Chess con chili.} Rxe5 24. Rxe5 Nxg3 25. fxg3 {[%emt 0:00:10] [#] Hoping for Nd5.} cxb6 26. Be3 {[%emt 0:08:27] And now Bxd4 would win.} Be6 27. Bxe6 fxe6 28. Re4 Nc6 {[%emt 0:01:38] Threatens to win with ...Rd1+.} 29. Bxb6 Rd2 30. b3 $1 {[%emt 0:03:31] Weighted Error Value: White=0.27 (precise) /Black=0.17 (very precise)} 1/2-1/2

[Event "Croatian 1A League 2022"]
[Site "Porec"]
[Date "2022.09.29"]
[Round "6.2"]
[White "Postny, Evgeny"]
[Black "Banusz, Tamas"]
[Result "1-0"]
[ECO "D50"]
[WhiteElo "2573"]
[BlackElo "2622"]
[Annotator "TA"]
[PlyCount "71"]
[EventDate "2022.09.24"]
[EventType "team-tourn"]
[EventCountry "CRO"]
[SourceTitle "playchess.com"]
[Source "ChessBase"]
[SourceQuality "1"]
[TimeControl "40/5400+30:1800+30"]

1. d4 d5 2. c4 e6 3. Nc3 Nf6 4. Bg5 dxc4 5. e3 a6 6. Bxc4 {[%emt 0:00:49] D50: Queen's Gambit Declined: Dutch-Peruvian Gambit.} c5 7. Nf3 b5 8. Bd3 {[%emt 0:00:59] The position is equal.} Bb7 9. Bxf6 gxf6 {[%emt 0:05:54] [#]} 10. Be4 $146 ({Predecessor:} 10. O-O Nc6 11. Rc1 cxd4 12. Nxd4 Nxd4 13. exd4 Be7 14. Qh5 Rg8 15. d5 b4 16. Be4 {½-½ (31) Dimitrov,R (2487)-Maerevoet,S (2375) Cappelle la Grande 2022}) 10... Bxe4 11. Nxe4 cxd4 12. Nxd4 {[%emt 0:04:20] Black must now prevent Qh5.} (12. Qxd4 Qxd4 13. Nxd4 Nd7 $11) 12... f5 13. Ng3 Bb4+ 14. Ke2 Bc5 15. Qc2 $1 Bxd4 16. Rhd1 {[%emt 0:04:19][%mdl 64] Pin} Nd7 17. Rxd4 Rc8 18. Qd2 {[%emt 0:05:16] White is much more active.} Qc7 19. Nh5 {[%emt 0:07:41][%cal Od4d7] Prevents Nf6.} Nb6 {[%emt 0:15:31] [#]} 20. Rc1 $1 Qxc1 $14 {[%emt 0:00:52] [#]} 21. Rd8+ $1 Rxd8 22. Qxc1 {[%emt 0:00:03] aiming for Qc5.} Rc8 {[%emt 0:08:23] Inhibits Qc5.} 23. Qd2 {[%emt 0:02:23] And now Qd4 would win.} Ke7 (23... Nd7 $1 $14) 24. Qb4+ $16 {[%emt 0:03:23][%mdl 1024] White has strong compensation.} ({Of course not} 24. Qd4 $6 Nd7 $11) 24... Kd7 25. Qd4+ Kc6 {[%emt 0:01:11] [#]} 26. Qg7 $1 Rhf8 27. Nf6 Nd7 (27... Nc4 $16) 28. Nxh7 $18 Rg8 (28... Rfe8 {keeps fighting.} 29. Nf6 (29. Qxf7 Kd6 $16) 29... Rf8) 29. Qxf7 Kd6 {[%emt 0:00:15] [#]} 30. Nf6 (30. g3 $1 $18) 30... Nxf6 $16 31. Qxf6 {[%emt 0:00:05] Hoping for g3.} Rxg2 {[%emt 0:00:37] KQ-KRR} 32. Qd4+ Ke7 33. Kf3 Rxh2 (33... Rg1 $16 {was necessary.} 34. h4 Rh1 35. Qg7+ Kd6) 34. Qg7+ $18 Ke8 35. Qb7 Kd8 36. Qxa6 {[%emt 0:00:14] Weighted Error Value: White=0.14 (very precise) /Black=0.37} 1-0

[Event "Croatian 1A League 2022"]
[Site "Porec"]
[Date "2022.09.29"]
[Round "6.3"]
[White "Balogh, Csaba"]
[Black "Bosiocic, Marin"]
[Result "1/2-1/2"]
[ECO "B30"]
[WhiteElo "2583"]
[BlackElo "2548"]
[Annotator "TA"]
[PlyCount "36"]
[EventDate "2022.09.24"]
[EventType "team-tourn"]
[EventCountry "CRO"]
[SourceTitle "playchess.com"]
[Source "ChessBase"]
[SourceQuality "1"]
[TimeControl "40/5400+30:1800+30"]

1. e4 c5 2. Nf3 Nc6 3. Bb5 e6 4. O-O Nge7 5. Re1 a6 6. Bf1 d5 7. exd5 Nxd5 8. d4 Nf6 9. Be3 cxd4 {[%emt 0:00:09] B30: Sicilian: 2...Nc6 3 Bb5, lines without ...g6.} 10. Nxd4 Bd7 11. c4 Nxd4 {[%emt 0:00:46] The position is equal.} 12. Bxd4 {[%emt 0:05:32] is the legacy move (12.Qxd4).} Bc6 13. Nc3 Be7 14. a3 a5 15. Qd3 O-O 16. Rad1 Nd7 (16... Qc7 $11) 17. Qg3 {[%emt 0:39:39][%csl Gd4][%cal Rg3g7] [#] White is more active.} g6 $146 ({Predecessor:} 17... Bf6 18. Ne4 Bxe4 19. Rxe4 Nc5 20. Rg4 g6 21. Qf3 Bxd4 22. Rgxd4 Qb6 23. h4 Qxb2 {1-0 (36) Lu,S (2611)-Zhang,F (1911) Wuxi 2016}) 18. Nb5 Bxb5 {[%emt 0:04:56] Weighted Error Value: White=0.08 (flawless) /Black=0.15 (very precise)} 1/2-1/2

[Event "Croatian 1A League 2022"]
[Site "Porec"]
[Date "2022.09.29"]
[Round "6.4"]
[White "Antunac, Goran"]
[Black "Kuljasevic, Davorin"]
[Result "0-1"]
[ECO "E11"]
[WhiteElo "2337"]
[BlackElo "2560"]
[Annotator "TA"]
[PlyCount "80"]
[EventDate "2022.09.24"]
[EventType "team-tourn"]
[EventCountry "CRO"]
[SourceTitle "playchess.com"]
[Source "ChessBase"]
[SourceQuality "1"]
[TimeControl "40/5400+30:1800+30"]

1. d4 Nf6 2. Nf3 d5 3. c4 e6 4. g3 Bb4+ 5. Bd2 a5 6. Bg2 O-O 7. O-O {[%emt 0:03:38] 7.Qc2 is the hot move.} dxc4 {[%emt 0:01:23] E11: Bogo-Indian.} 8. Qc2 Bxd2 9. Nbxd2 b5 $1 {[%emt 0:00:28] The position is equal.} 10. a4 c6 11. e4 (11. Rfd1 $11) 11... Na6 $15 12. Rfd1 Nb4 13. Qb1 {[%emt 0:04:09] [#]} (13. Qc3 $15) 13... Ba6 $146 ({Predecessor:} 13... h6 14. h3 Ba6 15. Bf1 Qb6 16. Be2 Rfd8 17. axb5 cxb5 18. Nf1 Bb7 19. e5 Be4 {0-1 (35) Gardarsson,H (1943)-Brunello,S (2482) Helsingor 2008}) 14. Bf1 h6 15. Be2 Qb6 {[%emt 0:08:18][%cal Oe6e5] Black is more active.} 16. e5 Nd7 17. Ne4 ({Better is} 17. Qc1 $15) 17... Rfd8 ({Black should try} 17... bxa4 $17 18. Qc1 Nd3 19. Bxd3 cxd3 20. Rxa4 Rab8) 18. Nd6 c5 $2 {[%emt 0:13:07][%mdl 8192] [#]} (18... bxa4 $15 {stays ahead.} 19. Nxc4 Qb8) 19. Nxf7 $1 $18 Nd3 ({Not} 19... Kxf7 20. Qh7 Rg8 21. dxc5 $16) 20. Nxd8 Rxd8 21. Bxd3 cxd3 22. Qxd3 c4 23. Qe3 Bb7 24. axb5 Qxb5 25. Nd2 Nb6 26. Qc3 a4 27. f3 Rf8 28. Rf1 Nd5 29. Qa3 Qb6 30. Qc5 ({Weaker is} 30. Qxa4 Qxb2 31. Ra2 (31. Nxc4 Qxd4+ 32. Kg2 Qxc4 $17) 31... Qxd4+ 32. Rf2 Nc3 $14) 30... Qxb2 31. Nxc4 Qe2 32. Rf2 Qd3 {[%emt 0:00:04] And now ...Nc3 would win.} 33. Nb2 Qe3 {[%emt 0:00:31] [#]} 34. Ra3 $2 (34. Qc1 $1 $18) 34... Qe1+ $11 35. Rf1 Qe2 $40 {[%emt 0:00:26][%mdl 128] aiming for ...Ne3. Black is up to no good. Really sharp!} 36. Nd1 {[%emt 0:01:32][%mdl 8192] Prevents Ne3.} (36. Rf2 $11 Qe1+ 37. Rf1) 36... Ba6 $19 37. Rf2 Qxd1+ 38. Kg2 Bd3 39. h4 Ne3+ 40. Kh2 Ng4+ {[%emt 0:00:30] Weighted Error Value: White=0.53/Black=0.21 (precise)} 0-1

[Event "Croatian 1A League 2022"]
[Site "Porec"]
[Date "2022.09.29"]
[Round "6.5"]
[White "Jovanic, Ognjen"]
[Black "Fucak, Emilio Milko"]
[Result "0-1"]
[ECO "E12"]
[WhiteElo "2507"]
[BlackElo "2187"]
[Annotator "TA"]
[PlyCount "104"]
[EventDate "2022.09.24"]
[EventType "team-tourn"]
[EventCountry "CRO"]
[SourceTitle "playchess.com"]
[Source "ChessBase"]
[SourceQuality "1"]
[TimeControl "40/5400+30:1800+30"]

1. d4 Nf6 2. c4 e6 3. Nf3 b6 4. Bf4 Bb7 5. e3 d6 6. Nc3 {[%emt 0:02:09] E12: Queen's Indian: Unusual White 4th moves, 4 a3, 4 Nc3 Bb7 5 a3 and 4 Nc3 Bb7 .} Nbd7 7. Be2 Nh5 8. Bg3 {[%emt 0:03:37] White is slightly better.} Be7 9. Qc2 Bf6 10. O-O-O h6 11. Kb1 a6 {[%emt 0:05:24] [#]} 12. Ne4 $146 ({Predecessor:} 12. Ne1 Nxg3 13. hxg3 Qe7 14. Bf3 O-O-O 15. Bxb7+ Kxb7 16. Nd3 c5 17. Nf4 cxd4 18. exd4 {0-1 (47) Injac,T (2257)-Osmak,I (2409) Batumi 2019}) 12... Nxg3 13. hxg3 Qe7 14. Rd2 ({But not} 14. Nxf6+ Nxf6 15. Rh4 O-O-O $11) (14. Nfd2 $14) 14... O-O-O 15. Rhd1 d5 (15... Kb8 $11) 16. cxd5 exd5 {[%emt 0:00:19] [#]} 17. Rc1 $1 c6 (17... Qxe4 $2 18. Bd3 Qxd3 19. Rxd3 $18) (17... c5 18. Nxf6) 18. Nxf6 Qxf6 19. Qa4 b5 (19... Kc7 $142) 20. Qa5 $16 Kb8 21. Rdc2 Rc8 22. Ne1 Qd8 (22... Qxf2 $2 23. Bg4 Qxg3 24. Bxd7 $18) 23. Qd2 g6 24. Nd3 a5 25. f4 h5 26. g4 hxg4 27. Bxg4 f5 28. Bf3 Qb6 29. b4 a4 30. Ne5 Nxe5 31. fxe5 Rh4 32. Qf2 g5 (32... Qd8 $14) 33. g3 Rh7 34. Be2 Rf8 35. Bd3 {[%emt 0:00:08] [#] Strongly threatening g4.} Rhf7 36. Rf1 f4 (36... Qc7 $16 {might work better.} 37. Qe1 (37. Bxb5 f4 $16) 37... Qd7) 37. gxf4 $18 gxf4 38. exf4 Rxf4 39. Qxf4 Rxf4 40. Rxf4 Qd8 $2 (40... Bc8 41. a3 Be6) 41. a3 $2 (41. Re2 $18) 41... Qg5 $11 42. Rcf2 {[%emt 0:01:03] Rf8+ is the strong threat.} Bc8 43. Kc2 {[%emt 0:01:02] Black must now prevent Rf8.} Be6 44. Rf6 Qg4 45. Rf1 Kb7 46. Rg6 Qh3 47. Kc3 Bg4 {[%emt 0:03:03] Hoping for ...Be2. Dancing on a razor blade.} 48. Rff6 $2 (48. Rf7+ $11 Kb6 49. Rg8) 48... Be2 $1 $19 {[%emt 0:00:19] Black is clearly winning.} 49. Rxc6 Qxd3+ 50. Kb2 Qxd4+ 51. Rc3 Qxe5 52. Rg2 Bc4 {[%emt 0:02:48] A wild game.  Weighted Error Value: White=0.26 (precise) /Black=0.24 (precise)} 0-1

[Event "Croatian 1A League 2022"]
[Site "Porec"]
[Date "2022.09.29"]
[Round "6.6"]
[White "Medancic, Rikard"]
[Black "Srbis, Jurica"]
[Result "0-1"]
[ECO "A45"]
[WhiteElo "2120"]
[BlackElo "2442"]
[Annotator "TA"]
[PlyCount "96"]
[EventDate "2022.09.24"]
[EventType "team-tourn"]
[EventCountry "CRO"]
[SourceTitle "playchess.com"]
[Source "ChessBase"]
[SourceQuality "1"]
[TimeControl "40/5400+30:1800+30"]

1. d4 Nf6 2. Bf4 g6 3. Nc3 d5 4. Qd2 c6 5. f3 b5 6. e3 {[%emt 0:11:45] A45: Trompowsky Attack.} Bg7 {[%emt 0:02:51] [#]} 7. Bd3 $146 ({Predecessor:} 7. g4 a5 8. h4 h5 9. g5 Nfd7 10. O-O-O a4 11. e4 b4 12. Nce2 Qb6 13. Qe3 {0-1 (32) Szczurek,K (2112)-Kiolbasa,O (2244) Suwalki 2019}) 7... Nbd7 8. a4 {[%emt 0:09:45] Black has an edge.} b4 9. Nd1 a5 10. Ne2 Qb6 11. c4 bxc3 12. bxc3 O-O 13. Rb1 Qa7 14. e4 {[%emt 0:02:58] [#]} (14. Nf2 $11 {remains equal.}) 14... dxe4 $1 $17 15. fxe4 e5 16. dxe5 {[%emt 0:02:05] White is on the road to losing.} ({Don't blunder} 16. Bxe5 $2 Nxe5 17. dxe5 Ng4 $19) 16... Ng4 17. Nd4 Ngxe5 18. Be2 Ba6 19. Nf2 Bxe2 20. Qxe2 Qc5 21. O-O Qxc3 22. Rfd1 Qa3 23. Qc2 Rfc8 24. Ra1 Qc5 25. Qa2 Qe7 26. Rac1 h5 27. Qd2 c5 28. Nb5 Nb6 29. Nc3 c4 30. Rb1 {[%emt 0:02:02] [#]} (30. Qe3 $17 {might work better.} Ned7 31. g4) 30... Nd3 $1 $19 31. Rxb6 {[%emt 0:01:24] Black must now prevent Nd5.} (31. Nxd3 cxd3) 31... Bxc3 (31... Nxf4 $142 32. Kh1 Rd8 33. Qxf4 Bxc3) 32. Qxc3 Nxf4 33. Qe3 {[%emt 0:00:52] Prevents Ne2+.} (33. Kf1 {keeps fighting.}) 33... Qg5 34. Qf3 c3 {[%emt 0:00:18] Strongly threatening ...c2.} 35. Rb5 {[%emt 0:00:19] [#]} Qh6 {[%emt 0:03:57] aiming for ...c2.} 36. Rf1 (36. g3 $142 c2 37. gxf4 cxd1=N 38. Nxd1) 36... Ra7 (36... c2 $142 37. Nh3 Nxh3+ 38. gxh3 Rc7) 37. Rbb1 c2 38. Rbc1 Rd7 39. g3 $2 (39. Ng4 hxg4 40. Qxf4 Qxf4 41. Rxf4) 39... Ne6 40. Kg2 Rd2 {[%emt 0:00:00] Threatens to win with ...Nd4.} 41. e5 Nd4 42. Qb7 Re8 43. Rce1 Qg5 44. Kh1 c1=Q 45. e6 {[%emt 0:13:19] [#]} fxe6 {[%emt 0:04:47] ( -> ...Qc2)} 46. Ne4 {[%emt 0:00:19] [#] White wants to mate with Qf7+.} (46. Rxc1 Rxf2) 46... Nf3 $1 47. Qf7+ (47. Nxd2 Qcxd2) 47... Kxf7 48. Nxg5+ Kg8 {[%emt 0:00:10] Weighted Error Value: White=0.89/Black=0.56} 0-1

[Event "Croatian 1A League 2022"]
[Site "Porec"]
[Date "2022.09.29"]
[Round "6.7"]
[White "Donchenko, Alexander"]
[Black "Fedorchuk, Sergey A."]
[Result "1-0"]
[ECO "A25"]
[WhiteElo "2639"]
[BlackElo "2617"]
[Annotator "TA"]
[PlyCount "71"]
[EventDate "2022.09.24"]
[EventType "team-tourn"]
[EventCountry "CRO"]
[SourceTitle "playchess.com"]
[Source "ChessBase"]
[SourceQuality "1"]
[TimeControl "40/5400+30:1800+30"]

1. c4 Nf6 2. g3 e5 3. Bg2 Nc6 4. Nc3 Bc5 5. e3 d6 6. Nge2 a6 {[%emt 0:00:17] A25: English Opening vs King's Indian with ...Nc6 but without early d3.} 7. O-O O-O 8. h3 Ba7 {[%emt 0:01:26] The position is equal.} 9. Kh2 $5 {[%emt 0:06:11][%mdl 4] Leaves trodden paths.} Re8 10. b3 Rb8 11. Bb2 Bd7 12. Rc1 {[%emt 0:07:50] [#]} Ne7 $146 ({Predecessor:} 12... h6 13. Nd5 Nxd5 14. cxd5 Nb4 15. d4 Nxa2 16. Ra1 Nb4 17. Ba3 c5 18. dxc6 bxc6 19. dxe5 dxe5 20. Bxb4 Rxb4 21. Rxa6 {½-½ (30) Donchenko,A (2614)-Christiansen,J (2525) Manavgat 2018}) 13. f4 Bc6 14. e4 exf4 15. Nd5 Bxd5 (15... Nfxd5 $1 $11 {remains equal.} 16. exd5 Bd7) 16. exd5 fxg3+ (16... Nh5 $14) 17. Nxg3 $16 Nd7 18. Qh5 Ng6 {[%emt 0:02:09] [#]} 19. Rxf7 {[%emt 0:16:02] White has more active pieces.} Kxf7 $11 20. Qxh7 Qf6 21. Bxf6 $40 {[%emt 0:00:34][%mdl 128] White has some attack.} Nxf6 22. Rf1 {[%emt 0:00:06] Threatening mate with Nh5.} Rh8 23. Rxf6+ $1 Kxf6 24. Nh5+ Kg5 25. Qxg7 {[%emt 0:00:05] Dancing on a razor blade.} ({Don't go for} 25. h4+ $2 Nxh4 26. Qxg7+ Kxh5 $19) 25... Kxh5 26. Be4 $1 Ne5 {[%emt 0:00:35][%mdl 8192] [#]} (26... Rbg8 $1 $11 27. Qf7 (27. Bxg6+ Kg5 $11) 27... Bb6) 27. Bc2 $1 $18 {[%emt 0:01:46] Bd1+ would kill now.} Nf3+ 28. Kh1 Rhg8 29. Qh7+ Kg5 30. Qf5+ Kh6 31. Qf6+ Kh5 32. Qxf3+ Kg5 33. Qg4+ Kh6 34. Qh4+ Kg7 35. Qg5+ (35. Qe7+ $142 Kh6 36. Qf6+ Kh5 37. Bd1+ Rg4 38. hxg4#) 35... Kf7 36. Qf5+ {[%emt 0:00:09] Weighted Error Value: White=0.07 (flawless) /Black=0.40} 1-0

[Event "Croatian 1A League 2022"]
[Site "Porec"]
[Date "2022.09.29"]
[Round "6.8"]
[White "Bernadskiy, Vitaliy"]
[Black "Livaic, Leon"]
[Result "1/2-1/2"]
[ECO "D39"]
[WhiteElo "2558"]
[BlackElo "2565"]
[Annotator "TA"]
[PlyCount "105"]
[EventDate "2022.09.24"]
[EventType "team-tourn"]
[EventCountry "CRO"]
[SourceTitle "playchess.com"]
[Source "ChessBase"]
[SourceQuality "1"]
[TimeControl "40/5400+30:1800+30"]

1. d4 Nf6 2. c4 e6 3. Nf3 d5 4. Nc3 dxc4 5. e4 Bb4 6. Bg5 h6 7. Bxf6 Qxf6 8. Bxc4 c5 9. O-O {[%emt 0:00:31] D39: Queen's Gambit Declined: Ragozin Defence with 5 Bg5 dxc4.} cxd4 10. e5 (10. Nb5 $5 Qe7 11. Nbxd4 $11 (11. a3 Bc5 $11)) 10... Qd8 11. Ne4 {[%emt 0:00:03][%mdl 1024] White has compensation. White is slightly better.} (11. Nxd4 $5 O-O 12. Rc1 $14) 11... O-O 12. Qe2 ({But not} 12. Nxd4 Qc7 13. Qe2 Qxe5 $15) 12... Be7 13. Rad1 Qc7 14. Ng3 ({Much weaker is} 14. Rxd4 Nc6 15. Rd2 Nxe5 16. Nxe5 Qxe5 $15) 14... Rd8 {[%emt 0:00:32] [#]} 15. a3 $146 ({Predecessor:} 15. Nh5 g6 16. Nf4 Nc6 17. Qe4 Bf8 18. h4 Bg7 19. Rfe1 Bd7 20. Bd3 Be8 21. Bb1 {½-½ (31) Moiseenko,A (2671)-Meier,G (2644) Jerusalem 2017}) 15... Bd7 16. Rfe1 Ba4 17. Rxd4 Rxd4 ({Much less strong is} 17... Nc6 18. Rg4 $16) 18. Nxd4 {[%emt 0:00:10] Threatens to win with Nh5.} Nc6 19. Nxe6 fxe6 20. Qe4 {[%emt 0:00:01] Prevents Nd4.} Qxe5 21. Qxe5 Nxe5 22. Rxe5 Kf8 23. Rxe6 Rd8 24. Re1 Rd2 25. b4 b6 26. h3 Rc2 27. Bd5 Rd2 28. Bc4 Rc2 29. Be6 a5 30. Nf5 Bf6 31. Ne3 Rc3 32. Nd5 {[%emt 0:00:42] [#] bxa5 is the strong threat.} Rxa3 33. Rc1 {[%emt 0:00:14] Hoping for Rc8+.} Ra1 34. Rxa1 Bxa1 {[%emt 0:00:02] This bishop pair is nice.} 35. Nxb6 $14 {[%emt 0:00:06][%mdl 4096] Endgame KBB-KBN} Bb5 36. bxa5 {[%emt 0:00:58] Strongly threatening Bc4.} Bc3 37. Bb3 Bxa5 {[%emt 0:00:05] The position is equal.} 38. Nd5 Bc6 39. Ne3 Bb6 40. g4 Bxe3 41. fxe3 $11 {[%emt 0:00:21] KB-KB} Ke7 42. Kf2 g5 43. Bd1 Kf6 44. Bf3 Bb5 45. Kg3 Ke5 46. h4 gxh4+ 47. Kxh4 Kf6 48. Be4 Be8 49. Bf5 h5 50. e4 hxg4 51. Kxg4 Bc6 52. Kf4 Bxe4 53. Kxe4 {[%emt 0:00:04] Weighted Error Value: White=0.04 (flawless) /Black=0.03 (flawless)} 1/2-1/2